 Dungeon Sprint DCSS version 0.23-a0-396-g5214e5f (webtiles) character file.

11100000 namelastname112 the Formicid Barricade (level 27, -3/249 HPs)
             Began as a Formicid Fighter on Nov 2, 2018.
             Was the Champion of Makhleb.
             Killed by divine providence
             ... invoked by an accursed
              (10 damage)
             ... in the Dungeon (Sprint VIII: "Arena of Blood").
             The game lasted 00:02:05 (111 turns).

namelastname112 the Formicid Barricade (FoFi)        Turns: 111, Time: 00:02:06

Health: -3/249     AC: 13    Str: 23    XL:     27
Magic:  41/54      EV: 32    Int: 10    God:    Makhleb [******]
Gold:   0          SH: 19    Dex: 19    Spells: 80/80 levels left

rFire    . . .     SeeInvis +   k - +∞ Axe of Woe
rCold    . . .     Gourm    .   b - +0 shield
rNeg     . . .     Faith    .   a - +0 scale mail
rPois    .         Spirit   .   (helmet unavailable)
rElec    .         Reflect  .   (no cloak)
rCorr    .         Harm     .   (no gloves)
MR       ++...                  (no boots)
Stlth    ++++++++..             (no amulet)
HPRegen  0.51/turn              (no ring)
MPRegen  0.34/turn              (no ring)

@: no status effects
A: permanent stasis, dig shafts and tunnels, four strong arms, antennae 3
a: Dig, Minor Destruction, Lesser Servant of Makhleb, Major Destruction, Greater
Servant of Makhleb, Renounce Religion


You were in the Dungeon.
You worshipped Makhleb.
Makhleb was exalted by your worship.
You were not hungry.

You visited 1 branch

Inventory:

Hand Weapons
 k - the +∞ Axe of Woe (weapon)
   (You found it in the Dungeon)
Armour
 a - a +0 scale mail (worn)
 b - a +0 shield (worn)
Scrolls
 j - a scroll of blinking
Potions
 c - a potion of might
 e - a potion of curing
 f - a potion of heal wounds
 g - a potion of haste
 h - 2 potions of magic
 i - a potion of berserk rage
Comestibles
 d - a ration


   Skills:
 O Level 27 Fighting
 O Level 27 Axes
 O Level 27 Throwing
 O Level 27 Armour
 O Level 27 Dodging
 O Level 27 Stealth
 O Level 27 Shields
 O Level 27 Unarmed Combat
 O Level 27 Spellcasting
 O Level 27 Invocations


You had 80 spell levels left.
You didn't know any spells.
Your spell library was empty.

Dungeon Overview and Level Annotations

Branches:
Dungeon (1/1)

Altars:
Makhleb

Annotations:
D The Servant


Innate Abilities, Weirdness & Mutations

You cannot be hasted, slowed, berserked, paralysed or teleported.
You can dig through walls and to a lower floor.
Your four strong arms can wield two-handed weapons with a shield.
You have a pair of large antennae on your head. (SInv)


Message History

You hear a shout!
The observer gazes at you. Something smites you!
You hear a shout! x2
The tyrant waves its bony arms in wide circles.
The air twists around and strikes you!
* * * LOW HITPOINT WARNING * * *
The observer is engulfed in blazing flames.
The observer gazes at you. Something smites you!
* * * LOW HITPOINT WARNING * * *
A bag of meat comes into view. It is wielding a +9 war axe.
You hear a shout!
The meat berserker is engulfed in blazing flames.
The meat berserker dies!
The corpses begin to drag themselves along the ground!
You block the large abomination's attack.
The accursed points at you and mumbles some strange words.
Something smites you!
You die... 2G....... { LVX.....o.{{{{ { WzODG.%L. { { #XXzMzoo# . #..oMooo#

.L.
.###.{@.o§o###.%..
..%...###§xx§o....
.%.....Go)§oGo....
....#..xX@#§.o....
. #_.<%_#V.X....
....#.)%)O#..L...#
..oO..)_).........
......###%.....O..
.###.. ...###....
{#.. ...# .... #.
...# .. .....


You could see an accursed, 2 tyrants, 3 observers, a sculptor of flesh, a large
abomination, 2 meat berserkers, 13 bags of meat and 3 crawling corpses.

Vanquished Creatures
  9 hell beasts (D)
  A great orb of eyes (D)
  4 wraiths (D)
  13 vampire knights (D)
  39 ogres (D)
  5 two-headed ogres (D)
  2 liches (D)
  51 orcs (D)
  2 phantoms (D)
  2 skeletal warriors (D)
  6 large abominations (D)
  6 small abominations (D)
  7 crawling corpses (D)
147 creatures vanquished.

Vanquished Creatures (others)
  An ogre (D)
  3 crawling corpses (D)
4 creatures vanquished.

Grand Total: 151 creatures vanquished

Notes
Turn   | Place    | Note
-------+----------+-------------------------------------------
     0 | D        | Found the +∞ Axe of Woe
     0 | D        | namelastname112 the Formicid Fighter began the quest for
                  | the Orb.
     0 | D        | Reached XP level 1. HP: 18/18 MP: 1/1
     3 | D        | Noticed a bag of meat
     4 | D        | Became a worshipper of Makhleb the Destroyer
     4 | D        | Noticed a bag of meat
     5 | D        | Noticed a bag of meat
     8 | D        | Noticed a meat berserker
    10 | D        | Killed a bag of meat
    10 | D        | Reached XP level 2. HP: 47/47 MP: 2/2
    10 | D        | Reached XP level 3. HP: 53/53 MP: 3/3
    10 | D        | Reached XP level 4. HP: 60/60 MP: 4/4
    10 | D        | Reached XP level 5. HP: 67/67 MP: 5/5
    10 | D        | Reached XP level 6. HP: 74/74 MP: 6/6
    10 | D        | Reached XP level 7. HP: 80/80 MP: 7/7
    10 | D        | Reached XP level 8. HP: 87/87 MP: 8/8
    10 | D        | Reached XP level 9. HP: 94/94 MP: 9/9
    10 | D        | Reached XP level 10. HP: 101/101 MP: 10/10
    10 | D        | Reached XP level 11. HP: 107/107 MP: 11/11
    10 | D        | Reached XP level 12. HP: 114/114 MP: 12/12
    11 | D        | Killed a bag of meat
    11 | D        | Reached * piety under Makhleb
    11 | D        | Reached skill level 5 in Axes
    11 | D        | Reached XP level 13. HP: 127/127 MP: 13/13
    11 | D        | Killed a bag of meat
    11 | D        | Reached skill level 10 in Unarmed Combat
    11 | D        | Reached XP level 14. HP: 138/138 MP: 14/14
    12 | D        | Killed a meat berserker
    12 | D        | Reached XP level 15. HP: 115/150 MP: 15/15
    12 | D        | Noticed a meat berserker
    15 | D        | Reached ** piety under Makhleb
    15 | D        | Reached skill level 10 in Axes
    15 | D        | Reached XP level 16. HP: 160/160 MP: 16/16
    15 | D        | Noticed a meat berserker
    15 | D        | Noticed a meat berserker
    16 | D        | Killed a meat berserker
    16 | D        | Reached skill level 27 in Shields
    16 | D        | Noticed a meat berserker
    18 | D        | Noticed a meat berserker
    19 | D        | Killed a meat berserker
    19 | D        | Reached skill level 27 in Fighting
    19 | D        | Reached skill level 27 in Armour
    19 | D        | Reached XP level 17. HP: 174/174 MP: 17/17
    19 | D        | Killed a meat berserker
    19 | D        | Reached *** piety under Makhleb
    19 | D        | Reached XP level 18. HP: 182/182 MP: 18/18
    19 | D        | Noticed a destroyer
    20 | D        | Killed a meat berserker
    20 | D        | Reached XP level 19. HP: 189/189 MP: 19/19
    20 | D        | Noticed a meat berserker
    22 | D        | Reached skill level 27 in Axes
    22 | D        | Noticed a large bag of meat
    23 | D        | Noticed a large bag of meat
    24 | D        | Killed a meat berserker
    24 | D        | Reached **** piety under Makhleb
    24 | D        | Reached skill level 27 in Unarmed Combat
    25 | D        | Reached XP level 20. HP: 197/197 MP: 19/33
    25 | D        | Reached skill level 10 in Dodging
    26 | D        | Reached skill level 15 in Invocations
    26 | D        | Noticed a destroyer
    26 | D        | Noticed a meat berserker
    27 | D        | Reached ***** piety under Makhleb
    27 | D        | Killed a meat berserker
    27 | D        | Reached skill level 15 in Dodging
    27 | D        | Reached XP level 21. HP: 204/204 MP: 19/41
    30 | D        | Killed a destroyer
    30 | D        | Reached XP level 22. HP: 212/212 MP: 20/47
    30 | D        | Noticed a meat berserker
    31 | D        | Killed a destroyer
    31 | D        | Reached skill level 27 in Stealth
    31 | D        | Reached skill level 27 in Invocations
    31 | D        | Reached XP level 23. HP: 219/219 MP: 20/50
    33 | D        | Killed a large bag of meat
    33 | D        | Reached ****** piety under Makhleb
    33 | D        | Reached skill level 27 in Dodging
    33 | D        | Killed a large bag of meat
    33 | D        | Reached skill level 27 in Throwing
    33 | D        | Reached skill level 27 in Spellcasting
    33 | D        | Reached XP level 24. HP: 227/227 MP: 20/54
    34 | D        | Noticed a destroyer
    36 | D        | Reached XP level 25. HP: 234/234 MP: 21/54
    38 | D        | Noticed a destroyer
    41 | D        | Killed a destroyer
    41 | D        | Reached XP level 26. HP: 242/242 MP: 22/54
    44 | D        | Noticed a large bag of meat
    45 | D        | Reached XP level 27. HP: 249/249 MP: 23/54
    46 | D        | Noticed a destroyer
    48 | D        | Killed a destroyer
    48 | D        | Killed a large bag of meat
    52 | D        | Killed a destroyer
    52 | D        | Noticed a tyrant
    57 | D        | Killed a tyrant
    59 | D        | Noticed a destroyer
    62 | D        | Killed a destroyer
    63 | D        | Noticed a destroyer
    63 | D        | Noticed a destroyer
    66 | D        | Noticed a dread
    70 | D        | Killed a dread
    70 | D        | Noticed a tyrant
    75 | D        | Killed a destroyer
    77 | D        | Noticed a meat beast
    79 | D        | Noticed a dread
    82 | D        | Killed a meat beast
    88 | D        | Noticed a destroyer
    88 | D        | Noticed a destroyer
    88 | D        | Noticed a meat beast
    88 | D        | Noticed a large bag of meat
    88 | D        | Noticed a dread
    88 | D        | Noticed a meat beast
    89 | D        | Noticed a large bag of meat
    89 | D        | Killed a dread
    89 | D        | Killed a destroyer
    90 | D        | Killed a destroyer
    90 | D        | Killed a meat beast
    91 | D        | Noticed a meat beast
    91 | D        | Noticed a meat beast
    92 | D        | Noticed a destroyer
    93 | D        | Noticed a meat beast
    93 | D        | Noticed a meat beast
    94 | D        | Killed a destroyer
    95 | D        | Noticed an accursed
    95 | D        | Noticed a dread
    96 | D        | Killed a meat beast
    96 | D        | Killed a meat beast
    96 | D        | Killed a meat beast
    96 | D        | Noticed The Servant
    96 | D        | Noticed a destroyer
    97 | D        | Killed a dread
    98 | D        | Killed a tyrant
    98 | D        | Killed a meat beast
    99 | D        | Killed a large bag of meat
   100 | D        | Noticed a destroyer
   101 | D        | Killed a meat beast
   101 | D        | Noticed an accursed
   101 | D        | Noticed a tyrant
   102 | D        | Killed a large bag of meat
   103 | D        | Noticed a meat beast
   104 | D        | Noticed a meat beast
   104 | D        | Noticed a destroyer
   106 | D        | Killed a destroyer
   107 | D        | Noticed a large bag of meat
   107 | D        | Noticed a tyrant
   107 | D        | Noticed a tyrant
   108 | D        | Noticed a destroyer
   108 | D        | Killed a destroyer
   109 | D        | Killed a meat beast
   109 | D        | Killed a dread
   109 | D        | Noticed a tyrant
   110 | D        | Killed a destroyer
   110 | D        | Killed a meat beast
   110 | D        | Noticed a meat beast
   111 | D        | Noticed a meat beast
   111 | D        | HP: 7/249 [observer/divine providence (12)]
   111 | D        | Killed from afar by an accursed

Vault maps used:
D:        meatsprint

Skill      XL: |  1  2  3  4  5  6  7  8  9 10 11 12 13 14 15 16 17 18 19 20 21 22 23 |
---------------+----------------------------------------------------------------------+-----
Fighting       | 17 19 21 23 24 27 | 27.0
Axes           | 4 5 7 9 10 17 22 25 27 | 27.0
Armour         | 17 19 20 22 23 27 | 27.0
Shields        | 18 20 22 25 26 27 | 27.0
Unarmed Combat | 8 9 10 11 12 17 20 22 27 | 27.0
Throwing       | 9 16 21 23 27 | 27.0
Dodging        | 8 15 19 22 27 | 27.0
Stealth        | 11 20 26 27 | 27.0
Spellcasting   | 9 16 21 23 27 | 27.0
Invocations    | 11 19 24 27 | 27.0

Action                   |  1- 3 |  4- 6 |  7- 9 | 10-12 | 13-15 | 16-18 | 19-21 | 22-24 | 25-27 || total
-------------------------+-------+-------+-------+-------+-------+-------+-------+-------+-------++-------
Melee: Executioner's axe |     1 |       |       |     1 |     2 |     3 |     7 |     4 |    56 ||    74
Dodge: Dodged            |       |       |       |       |       |       |       |       |     3 ||     3
Block: Shield            |       |       |       |     1 |       |       |       |       |     6 ||     7

Table legend:
 A = Non-vault XP
 B = Vault XP
 C = Vault XP percentage of total XP
 D = Non-vault monster count
 E = Vault monster count
 F = Vault count percentage of total count
                 A         B        C        D         E       F
            +---------+---------+-------+---------+---------+-------
      Total | 3363255 | 1226591 |  26.7 |      78 |      62 |  44.3
            +---------+---------+-------+---------+---------+-------
          D | 3363255 | 1226591 |  26.7 |      78 |      62 |  44.3
            +---------+---------+-------+---------+---------+-------
